 Seeded DCSS version 0.30-a0-1094-g860fb061e7 (webtiles) character file.

Game seed: 7851298505247932012 (custom seed)

83 Pimp the Trooper (level 4, -2/40 HPs)
             Began as a Draconian Fighter on Apr 17, 2023.
             Slain by a gnoll
             ... wielding a +0 spear
              (8 damage)
             ... on level 4 of the Dungeon.
             The game lasted 00:02:53 (1860 turns).

Pimp the Trooper (Draconian Fighter)                Turns: 1860, Time: 00:02:53

Health: -2/40      AC:  5    Str: 18    XL:     4   Next: 22%
Magic:  4/4        EV: 12    Int:  8    God:
Gold:   152        SH:  5    Dex: 13    Spells: 3/3 levels left

rFire   + + +      SeeInvis .    a - +0 war axe
rCold   . . .      Faith    .    b - +0 buckler
rNeg    . . .      Spirit   .    (body armour unavailable)
rPois   .          Reflect  .    (helmet restricted)
rElec   +          Rampage  .    e - scarf "Puvymm" {shadows, Drain rElec rF+++ Slay+5}
rCorr   .                        (no gloves)
Will    .....                    (no boots)
Stlth   +                        (no amulet)
HPRegen 0.26/turn                (no ring)
MPRegen 0.09/turn                (no ring)

@: no status effects
A: AC +5, unfitting armour, cold-blooded
a: no special abilities


You were on level 4 of the Dungeon.
You visited 1 branch of the dungeon, and saw 4 of its levels.

You collected 152 gold pieces.

Inventory:

Hand Weapons
 a - a +0 war axe (weapon)
Missiles
 l - a throwing net (quivered)
Armour
 b - a +0 buckler (worn)
 e - the scarf "Puvymm" (worn) {shadows, Drain rElec rF+++ Slay+5}
   (You acquired it on level 2 of the Dungeon)

   Slay:      It affects your accuracy & damage with ranged weapons and melee
   (+5).
   rF:        It renders you almost immune to fire.
   rElec:     It insulates you from electricity.
   Drain:     It drains your maximum health when unequipped.
Scrolls
 h - 3 scrolls of teleportation
 i - a scroll of fog
 m - a scroll of amnesia
Potions
 c - 2 potions of might
 f - a potion of degeneration {unknown}
 g - a potion of heal wounds {unknown}
 j - a potion of cancellation {unknown}
 k - 2 potions of berserk rage
 o - a potion of resistance {unknown}
 q - a potion of invisibility {unknown}


   Skills:
 + Level 4.0 Fighting
 + Level 2.8 Axes
 + Level 3.2 Dodging
 + Level 3.6 Shields


You had 3 spell levels left.
You didn't know any spells.
Your spell library contained the following spells:

 Spells                   Type           Power      Damage    Failure   Level
 Freeze                   Ice            0%         1d3       50%         1
 Magic Dart               Conj           0%         1d3       50%         1
 Call Imp                 Summ           0%         N/A       65%         2
 Frozen Ramparts          Ice            0%         1d1       86%         3
 Hailstorm                Conj/Ice       0%         3d3       86%         3
 Mephitic Cloud           Conj/Pois/Air  0%         N/A       86%         3


Dungeon Overview and Level Annotations

Branches:
Dungeon (4/15)
 Temple: D:4-7

Altars:

Shops:
D:2 (   D:3 =


Innate Abilities, Weirdness & Mutations

Your plain brown scales are hard. (AC +5)
You cannot fit into any form of body armour.
You are cold-blooded and may be slowed by cold attacks.


Message History

You slash the gnoll!
You kill the gnoll!
You closely miss the gnoll. You hit the gnoll.
An orc comes into view. It is wielding a +0 short sword.
The gnoll barely misses you. The gnoll closely misses you.
You hit the gnoll.
The gnoll is severely wounded.
You hit the gnoll. The gnoll hits you with a +0 whip.
The gnoll hits you from afar with a +0 spear.
You block the gnoll's attack. The gnoll barely misses you.
The gnoll hits you but does no damage. The gnoll closely misses you.
You completely miss the gnoll.
The gnoll is severely wounded.
You hit the gnoll.
You kill the gnoll!
The gnoll hits you with a +0 spear. The gnoll barely misses you.
You have reached level 4!
You feel agile.
You completely miss the orc. You hit the gnoll but do no damage.
The orc closely misses you.
The gnoll hits you from afar with a +0 spear.
The gnoll hits you with a +0 spear. You block the orc's attack.
The gnoll completely misses you. You block the gnoll's attack.
You barely miss the orc.
Your tail-slap misses the orc.
You hit the gnoll.
You kill the gnoll!
The orc barely misses you.
The gnoll hits you from afar with a +0 spear.
* * * LOW HITPOINT WARNING * * *
Your Fighting skill increases to level 4!
You slash the orc!
You kill the orc!
The gnoll hits you from afar with a +0 spear.
* * * LOW HITPOINT WARNING * * *
The gnoll hits you from afar with a +0 spear.
* * * LOW HITPOINT WARNING * * *
Things that are here:
a +0 whip; a gnoll corpse
There is a stone staircase leading up here.
The gnoll hits you from afar with a +0 spear!
You die...

#........
....... .
.....# ..
##....##...
#..........
#....).....
#....).....
#@.g..##...
#.....#
##....#
######


You could see a gnoll.

Vanquished Creatures
  3 gnolls (D:4)
  An adder (D:2)
  A dart slug (D:2)
  5 orcs
  2 bats (D:2)
  4 endoplasms
  A giant cockroach (D:1)
  4 goblins
  4 hobgoblins
  4 kobolds
  A quokka (D:1)
  2 ball pythons
  3 frilled lizards
  2 rats
37 creatures vanquished.

Notes
Turn   | Place    | Note
-------+----------+-------------------------------------------
     0 | D:1      | Pimp the Draconian Fighter began the quest for the Orb.
     0 | D:1      | Reached XP level 1. HP: 19/19 MP: 1/1
   248 | D:1      | Reached XP level 2. HP: 24/26 MP: 2/2
   550 | D:2      | Found Muinuro's Antique Weapon Boutique.
   564 | D:2      | Reached XP level 3. HP: 26/33 MP: 3/3
   592 | D:2      | Identified a scroll of acquirement
   592 | D:2      | Acquired the scarf "Puvymm" {shadows, Drain rElec rF+++
                  | Slay+5}
  1215 | D:3      | Found a faded altar of an unknown god.
  1396 | D:3      | Found Zusmamos's Jewellery Emporium.
  1854 | D:4      | Reached XP level 4. HP: 19/40 MP: 4/4
  1856 | D:4      | Reached skill level 4 in Fighting
  1860 | D:4      | Slain by a gnoll

Illustrated notes

Levels and vault maps discovered:
D:1:      minmay_arrival_wavy_path, layout_rooms
D:2:      layout_loops_ring, serial_shops, shop
D:3:      layout_rooms, serial_shops, shop, nicolae_ecumenical_oubliette
D:4:      layout_gridville, amethyst_overflow_temple_binary, serial_shops, shop,
          kennysheep_path_1, chequers_serial_rivers_room_a

Skill      XL: |  1  2  3  4 |
---------------+-------------+-----
Dodging        | 3 |  3.2
Fighting       | 4 |  4.0
Axes           | |  2.8
Shields        | |  3.6

Action                     |  1- 3 |  4- 6 || total
---------------------------+-------+-------++-------
  Melee: War axe           |    72 |     3 ||    75
         Tailslap          |     8 |       ||     8
    Use: Scroll            |     9 |       ||     9
 Armour: Skin              |    12 |       ||    12
  Dodge: Dodged            |    52 |     3 ||    55
  Block: Buckler           |    13 |     2 ||    15

Table legend: (Time is in decaauts)
 A = Elapsed time spent in this place.
 B = Non-inter-level travel time spent in this place.
 C = Inter-level travel time spent in this place.
 D = Time resting spent in this place.
 E = Time spent auto-exploring this place.
 F = Levels seen in this place.
 G = Mean time per level.
                   A        B        C        D        E       F      G
               +--------+--------+--------+--------+--------+-----+--------+
         Total |   1893 |   1771 |    122 |    100 |   1351 |   4 |  473.2 |
       Dungeon |   1893 |   1771 |    122 |    100 |   1351 |   4 |  473.2 |
               +--------+--------+--------+--------+--------+-----+--------+

Top non-repeatable levels by time:
     D:2: 702 daAuts
     D:3: 659 daAuts
     D:1: 515 daAuts
     D:4: 16 daAuts
